 Dungeon Crawl Stone Soup version 0.28.0-53-g5a82cb258f (webtiles) character file.

Game seed: 8993551057295396844

39 MiltankisOP the Changer (level 3, -2/28 HPs)
             Began as a Draconian Transmuter on June 13, 2022.
             Slain by Sigmund
             ... wielding a +0 scythe of venom
              (4 damage)
             ... on level 2 of the Dungeon.
             The game lasted 00:03:08 (1549 turns).

MiltankisOP the Changer (Draconian Transmuter)      Turns: 1549, Time: 00:03:08

Health: -2/28      AC:  5    Str: 12    XL:     3   Next: 28%
Magic:  6/6        EV: 12    Int: 15    God:
Gold:   64         SH:  0    Dex: 11    Spells: 5/6 levels left

rFire   . . .      SeeInvis .   c - +0 dagger (speed)
rCold   . . .      Faith    .   (no shield)
rNeg    . . .      Spirit   .   (armour unavailable)
rPois   .          Reflect  .   (helmet currently unavailable)
rElec   .          Harm     .   (no cloak)
rCorr   .          Rampage  .   (no gloves)
Will    .....                   (boots currently unavailable)
Stlth   +.........              (no amulet)
HPRegen 0.09/turn               (no ring)
MPRegen 0.10/turn               (no ring)

@: lethally poisoned (-2 -> -8), appendages (expiring)
A: horns 2, talons 2, AC +5, unfitting armour, cold-blooded
a: End Transformation


You were on level 2 of the Dungeon.
You had temporarily grown beastly horns and talons.
You visited 1 branch of the dungeon, and saw 2 of its levels.

You collected 64 gold pieces.

Inventory:

Hand Weapons
 c - a +0 dagger of speed (weapon)
Scrolls
 a - a scroll of fear {unknown}
 b - a scroll of identify {unknown}


   Skills:
 - Level 1.1 Fighting
 - Level 1.7 Dodging
 - Level 3.0 Unarmed Combat
 - Level 2.0 Spellcasting
 + Level 3.8 Transmutations


You had 5 spell levels left.
You knew the following spells:

 Your Spells              Type           Power      Damage    Failure   Level
a - Beastly Appendage     Tmut           24%        N/A       4%          1

Your spell library contained the following spells:

 Spells                   Type           Power      Damage    Failure   Level
 Wereblood                Tmut           12%        N/A       7%          2
 Spider Form              Tmut/Pois      7%         N/A       30%         3
 Ice Form                 Ice/Tmut       7%         N/A       71%         4


Dungeon Overview and Level Annotations

Branches:
Dungeon (2/15)

Altars:

Annotations:
D:2 Sigmund


Innate Abilities, Weirdness & Mutations

You have temporarily grown beastly horns and talons.
Your plain brown scales are hard. (AC +5)
You cannot fit into any form of body armour.
You are cold-blooded and may be slowed by cold attacks.


Message History

You barely miss the adder. Your kick misses the adder.
The adder is moderately wounded.
The adder closely misses you.
You miss the adder. Your kick misses the adder.
The adder is moderately wounded.
Sigmund hits you with a +0 scythe of venom!
The adder bites you but does no damage.
You hit the adder.
The adder is severely wounded.
An adder comes into view.
The adder closely misses you.
You barely miss the adder.
The adder hisses angrily.
You claw the adder.
You kill the adder!
Your transformation is almost over.
Sigmund mumbles some strange words.
Sigmund flickers and vanishes!
Deactivating autopickup; reactivate with Ctrl-A.
You barely miss something. Your kick misses something.
Your punch misses something. You completely miss something.
Your headbutt misses something.
Your tail-slap misses something.
Something hits you.
* * * LOW HITPOINT WARNING * * *
You are lethally poisoned!
You miss something. Your kick misses something. You headbutt something.
* * * LOW HITPOINT WARNING * * *
You feel sick.
You completely miss something. Your headbutt misses something.
* * * LOW HITPOINT WARNING * * *
You feel sick.
You hear some strange, mumbled words.
A puff of flame appears from out of thin air!
The puff of flame hits you.
* * * LOW HITPOINT WARNING * * *
You closely miss something. Your kick misses something.
Your headbutt misses something.
Your tail-slap misses something.
* * * LOW HITPOINT WARNING * * *
You feel sick. Something hits you.
You die...

#....#.#...#######
#..>.#..#......... .###
#....#.######.##.#
....##.#.##.# #.##..
#...........######.####
.#.#.##.....##......####
#...........##.####.....
#..#..{..........##.####
......#@...###.#.##.# #
......#.#### #.#.##.# #
#..@..S.# #......#
..........# ######.#
...#.####.# #.# ## #. .#
#.# . # #.# . #.


You could see an adder.

Vanquished Creatures
  An adder (D:2)
  4 endoplasms
  6 goblins (D:1)
  A hobgoblin (D:1)
  4 jackals (D:1)
  2 kobolds (D:1)
  4 ball pythons
  4 bats
  2 frilled lizards
  A rat (D:1)
29 creatures vanquished.

Vanquished Creatures (others)
  A fungus (D:2)
  2 plants (D:2)
3 creatures vanquished.

Grand Total: 32 creatures vanquished

Notes
Turn   | Place    | Note
-------+----------+-------------------------------------------
     0 | D:1      | MiltankisOP the Draconian Transmuter began the quest for
                  | the Orb.
     0 | D:1      | Reached XP level 1. HP: 16/16 MP: 3/3
   355 | D:1      | Reached XP level 2. HP: 23/23 MP: 3/5
  1322 | D:2      | Reached XP level 3. HP: 28/28 MP: 4/6
  1376 | D:2      | Noticed Sigmund
  1549 | D:2      | Slain by Sigmund

Illustrated notes

Levels and vault maps discovered:
D:1:      arrival_zaba_pyramid, layout_loops_corners
D:2:      layout_loops_cross, basic_altar,
          shapermc_ecumenical_altar_mp_urbaneastern, uniq_sigmund

Skill      XL: |  1  2 |
---------------+-------+-----
Transmutations | 3 |  3.8
Fighting       | |  1.1
Dodging        | |  1.7
Unarmed Combat | |  3.0
Spellcasting   | |  2.0

Action                   || total
-------------------------++-------
Melee: Unarmed           ||    28
       Tailslap          ||     8
       Kick              ||     9
       Headbutt          ||     6
       Punch             ||     2
       Dagger            ||    46
 Cast: Beastly Appendage ||    21
Armor: Skin              ||    15
Dodge: Dodged            ||    43
